 Dungeon Crawl Stone Soup version 0.20.1-1-g8b1a95d (webtiles) character file.

2186 vineage the Basher (level 9, -1/54 HPs)
             Began as a Gargoyle Fighter on Sept 2, 2017.
             Was a Follower of Okawaru.
             Slain by an iguana (6 damage)
             ... on level 7 of the Dungeon.
             The game lasted 00:09:29 (5241 turns).

vineage the Basher (Gargoyle Fighter)               Turns: 5241, Time: 00:09:30

Health: -1/54      AC: 27    Str: 22    XL:     9   Next: 33%
Magic:  7/9        EV: 10    Int: 11    God:    Okawaru [*.....]
Gold:   344        SH: 18    Dex: 10    Spells: 8/8 levels left

rFire    . . .     SeeInvis .   a - +1 flail
rCold    + . .     Gourm    .   c - +0 shield
rNeg     + . .     Faith    .   d - +0 plate armour
rPois    ∞         Spirit   .   r - +0 helmet
rElec    +         Reflect  +   (no cloak)
rCorr    .         Harm     .   w - +0 pair of gloves
MR       .....     Rnd*Tele +   s - +2 pair of boots
Stlth    ..........             o - +5 amulet of reflection
Regen    0.2/turn               q - +2 ring of slaying
MPRegen  0.2/turn               m - ring of protection from cold

@: heroism, very slightly contaminated
A: clever 1, negative energy resistance 1, electricity resistance, teleportitis
1, unbreathing, petrification resistance, rot immunity, sturdy frame 1, AC +5
a: Heroism, Renounce Religion


You were on level 7 of the Dungeon.
You worshipped Okawaru.
Okawaru was aware of your devotion.
You were not hungry.

You visited 1 branch of the dungeon, and saw 8 of its levels.

You collected 344 gold pieces.

Inventory:

Hand Weapons
 a - a +1 flail (weapon)
Missiles
 B - 3 tomahawks of dispersal (quivered)
Armour
 b - a +0 scale mail
 c - a +0 shield (worn)
 d - a +0 plate armour (worn)
 r - a +0 helmet (worn)
 s - a +2 pair of boots (worn)
 w - a +0 pair of gloves (worn)
Jewellery
 e - an uncursed ring of flight
 k - an uncursed ring of wizardry
 m - a ring of protection from cold (right hand)
 o - a +5 amulet of reflection (around neck)
 q - a +2 ring of slaying (left hand)
 D - an uncursed ring of protection from magic {unknown}
Wands
 u - a wand of flame (28/48)
 y - a wand of disintegration (2/24)
 F - a wand of paralysis (16/24)
Scrolls
 j - a scroll of amnesia
 n - 3 scrolls of identify
 x - 3 scrolls of remove curse
 C - a scroll of enchant weapon
Potions
 h - 3 potions of brilliance
 l - 3 potions of curing
 A - a potion of magic
Books
 v - a book of Battle

   Spells                             Type                      Level
   a - Infusion                       Charms                       1
   b - Shroud of Golubria             Charms/Translocation         2
   c - Song of Slaying                Charms                       2
   d - Spectral Weapon                Hexes/Charms                 3
   e - Regeneration                   Charms/Necromancy            3
Comestibles
 f - 4 bread rations
 g - 8 fruits
 p - a meat ration
 z - a royal jelly


   Skills:
 + Level 5.4(10.4) Fighting
 + Level 8.0(13.0) Maces & Flails
 + Level 6.1(11.1) Armour
 + Level 2.4(7.4) Dodging
 + Level 1.0(6.0) Stealth
 + Level 7.3(12.3) Shields


You had 8 spell levels left.
You didn't know any spells.

Dungeon Overview and Level Annotations

Branches:
Dungeon (8/15)             Temple (0/1) D:6
   Lair: D:8-11

Altars:
Fedhas
Hepliaklqana
Makhleb
Okawaru
Ru
Sif Muna
Vehumet
Xom

Annotations:
D:5 exclusion: oklob plant


Innate Abilities, Weirdness & Mutations

You are resistant to torment.
Your stone body is resilient. (AC +5)
You are immune to poison.
You resist negative energy. (rN+)
You are resistant to electric shocks. (rElec)
You can survive without breathing.
You are immune to petrification.
You are immune to rotting.
Your mind is acute. (Int +2)
You are occasionally teleported next to monsters.
Your movements are slightly less encumbered by armour. (ER -2)


Message History

There is a stone staircase leading down here.
You hit the worker ant but do no damage.
The worker ant is severely wounded.
The worker ant bites you.
* * * LOW HITPOINT WARNING * * *
The worker ant bites you but does no damage.
The iguana bites you.
* * * LOW HITPOINT WARNING * * *
You gain the combat prowess of a mighty hero.
The worker ant bites you but does no damage.
You block the iguana's attack.
You hit the worker ant.
The worker ant is almost dead.
The worker ant bites you but does no damage.
You hit the worker ant.
You kill the worker ant!
Okawaru accepts your kill.
Your base Maces & Flails skill increases to level 8!
The iguana bites you.
You die...

######### #(......#
#.......# #.......#
#......l# #......@+
#.......#
#####.......#
#...........#######.
#.......###.........
#.......###.####...#
#.......+......+...+
#+
#.......###.####...#
#.# #.).....#
#.####...# .#..


You could see an iguana.

Vanquished Creatures
  The ghost of Alarak the Carver, a novice MiFi (D:5)
  Menkaure (D:7)
  An ice beast (D:7)
  An orc warrior (D:6)
  A sky beast (D:6)
  A black bear (D:7)
  2 ogres
  3 bullfrogs
  2 scorpions (D:6)
  A centaur zombie (D:7)
  6 crimson imps
  3 hounds
  2 orc wizards (D:5)
  2 bullfrog skeletons
  A centaur skeleton (D:6)
  2 iguanas
  4 worker ants
  12 adders
  2 shadow imps
  An ooze (D:5)
  3 worms
  5 leopard geckos
  10 orcs
  4 ball pythons
  7 giant cockroaches
  9 goblins
  4 hobgoblins
  11 jackals
  A quokka (D:4)
  2 bats
  3 frilled lizards
  A jackal skeleton (D:5)
  7 kobolds
  A leopard gecko skeleton (D:4)
  5 rats
122 creatures vanquished.

Vanquished Creatures (others)
  12 toadstools (D:5)
12 creatures vanquished.

Grand Total: 134 creatures vanquished

Notes
Turn   | Place    | Note
-------+----------+-------------------------------------------
     0 | D:1      | vineage the Gargoyle Fighter began the quest for the Orb.
     0 | D:1      | Reached XP level 1. HP: 14/14 MP: 1/1
   105 | D:1      | Reached XP level 2. HP: 7/19 MP: 2/2
   321 | D:1      | Reached XP level 3. HP: 20/23 MP: 3/3
   494 | D:2      | Reached XP level 4. HP: 8/28 MP: 4/4
  1032 | D:3      | Reached XP level 5. HP: 20/33 MP: 5/5
  1054 | D:3      | Reached skill level 3 in Maces & Flails
  1242 | D:3      | Found a sacrificial altar of Ru.
  1252 | D:3      | Reached skill level 1 in Dodging
  1496 | D:3      | Found a deep blue altar of Sif Muna.
  1850 | D:4      | Reached XP level 6. HP: 37/38 MP: 6/6
  1857 | D:4      | Found a radiant altar of Vehumet.
  1858 | D:4      | Found a burning altar of Makhleb.
  1916 | D:4      | Reached skill level 4 in Maces & Flails
  2387 | D:5      | Entered Level 5 of the Dungeon
  2534 | D:5      | Reached skill level 5 in Shields
  2534 | D:5      | Reached XP level 7. HP: 30/43 MP: 7/7
  2648 | D:5      | Noticed Alarak's ghost (novice MiFi)
  2667 | D:5      | Killed Alarak's ghost
  2667 | D:5      | Reached skill level 5 in Maces & Flails
  2667 | D:5      | Reached skill level 5 in Armour
  2667 | D:5      | Reached skill level 1 in Stealth
  2667 | D:5      | Reached XP level 8. HP: 12/48 MP: 8/8
  3180 | D:5      | Reached skill level 6 in Maces & Flails
  3242 | D:5      | Found a blossoming altar of Fedhas.
  3252 | D:5      | Noticed an oklob plant
  3961 | D:6      | Found an iron altar of Okawaru.
  3969 | D:6      | Became a worshipper of Warmaster Okawaru
  4119 | D:6      | Found a staircase to the Ecumenical Temple.
  4243 | D:6      | Found a shimmering altar of Xom.
  4245 | D:6      | Found a hazy altar of Hepliaklqana.
  4249 | D:6      | Noticed a spectral ugly thing
  4261 | D:6      | Reached skill level 5 in Fighting
  4276 | D:6      | Reached skill level 7 in Maces & Flails
  4456 | D:6      | Gained mutation: You are frail. (-10% HP) [mutagenic meat]
  4457 | D:6      | Gained mutation: You possess an exceptional clarity of mind. [mutagenic meat]
  4458 | D:6      | Gained mutation: You are occasionally teleported next to monsters. [mutagenic meat]
  4459 | D:6      | Gained mutation: You are weak. (Str -2) [mutagenic meat]
  4485 | D:6      | Reached * piety under Okawaru
  4485 | D:6      | Reached XP level 9. HP: 48/48 MP: 9/9
  4860 | D:7      | Noticed Menkaure
  4867 | D:7      | Killed Menkaure
  5207 | D:7      | You fall through a shaft!
  5220 | D:8      | Lost mutation: You are frail. (-10% HP) [potion of mutation]
  5220 | D:8      | Lost mutation: You are weak. (Str -2) [potion of mutation]
  5220 | D:8      | Lost mutation: You possess an exceptional clarity of mind. [potion of mutation]
  5220 | D:8      | Gained mutation: Your mind is acute. (Int +2) [potion of mutation]
  5220 | D:8      | Gained mutation: Your movements are slightly less encumbered by armour. (ER -2) [potion of mutation]
  5241 | D:7      | Reached skill level 8 in Maces & Flails
  5241 | D:7      | Slain by an iguana

Skill      XL: |  1  2  3  4  5  6  7  8  9 |
---------------+----------------------------+-----
Armour         | 4 5 6 |  6.1
Shields        | 4 5 6 7 |  7.3
Maces & Flails | 3 4 5 7 8 |  8.0
Dodging        | 1 2 |  2.4
Fighting       | 4 5 |  5.4
Stealth        | 1 |  1.0

Action                   |  1- 3 |  4- 6 |  7- 9 || total
-------------------------+-------+-------+-------++-------
Melee: Flail             |   128 |   200 |   220 ||   548
Invok: Heroism           |       |       |     1 ||     1
  Use: Scroll            |       |     7 |     7 ||    14
       Potion            |       |       |     5 ||     5
  Eat: Chunk             |       |     5 |    11 ||    16
       Meat ration       |       |       |     1 ||     1
Armor: Scale mail        |    85 |    93 |    37 ||   215
       Plate armour      |       |       |    85 ||    85
Dodge: Dodged            |    56 |    67 |    34 ||   157
Block: Shield            |    73 |   102 |   200 ||   375
       Reflection        |       |       |     1 ||     1
